 Dungeon Crawl Stone Soup version 0.27-a0-1416-g941b2bd30b (webtiles) character file.

Game seed: 7017383343106066486

175 bilbop the Caller (level 5, 0/29 HPs)
             Began as a Deep Elf Summoner on July 1, 2021.
             Was an Initiate of Yredelemnul.
             Slain by a hornet zombie (4 damage)
             ... on level 4 of the Dungeon.
             The game lasted 00:20:35 (3201 turns).

bilbop the Caller (Deep Elf Summoner)               Turns: 3201, Time: 00:20:36

Health: 0/29       AC:  3    Str:  5    XL:     5   Next: 29%
Magic:  4/13       EV: 13    Int: 20    God:    Yredelemnul [......]
Gold:   227        SH:  0    Dex: 16    Spells: 9/12 levels left

rFire    . . .     SeeInvis .   a - +0 dagger
rCold    . . .     Faith    .   (no shield)
rNeg     . . .     Spirit   .   b - +0 robe
rPois    .         Reflect  .   (no helmet)
rElec    .         Harm     .   j - +0 cloak
rCorr    .         Rampage  .   (no gloves)
Will     .....                  (no boots)
Stlth    ++........             (no amulet)
HPRegen  0.09/turn              (no ring)
MPRegen  0.13/turn              (no ring)

@: no status effects
A: no striking features
a: Renounce Religion


You were on level 4 of the Dungeon.
You worshipped Yredelemnul.
Yredelemnul was noncommittal.
You visited 1 branch of the dungeon, and saw 4 of its levels.

You collected 227 gold pieces.

Inventory:

Hand Weapons
 a - a +0 dagger (weapon)
Armour
 b - a +0 robe (worn)
 j - a +0 cloak (worn)
Jewellery
 w - a +6 ring of intelligence
Wands
 m - a wand of iceblast (8)
 p - a wand of flame (18)
Scrolls
 g - a scroll of summoning {unknown}
 i - a scroll of silence {unknown}
 k - a scroll of amnesia {unknown}
 l - a scroll of noise {unknown}
 n - 2 scrolls of teleportation {unknown}
 s - a scroll of blinking {unknown}
 t - a scroll of identify {unknown}
 v - a scroll of acquirement {unknown}
Potions
 c - 3 potions of ambrosia {unknown}
 d - a potion of might {unknown}
 e - a potion of mutation {unknown}
 f - a potion of heal wounds {unknown}
 h - a potion of haste {unknown}
 o - a potion of resistance {unknown}
 q - a potion of degeneration {unknown}
 r - 2 potions of berserk rage {unknown}
 u - a potion of curing {unknown}


   Skills:
 + Level 1.4 Fighting
 + Level 1.9 Short Blades
 + Level 3.4 Dodging
 + Level 3.4 Stealth
 + Level 4.0 Spellcasting
 + Level 4.9 Summonings
 + Level 1.0 Invocations


You had 9 spell levels left.
You knew the following spells:

 Your Spells              Type           Power      Damage    Failure   Level
a - Summon Small Mammal   Summ           92%        N/A       1%          1
b - Call Imp              Summ           23%        N/A       2%          2

Your spell library contained the following spells:

 Spells                   Type           Power      Damage    Failure   Level
 Call Canine Familiar     Summ           23%        N/A       5%          3
 Freeze                   Ice            16%        1d4       13%         1
 Summon Guardian Golem    Hex/Summ       13%        N/A       14%         3
 Passwall                 Tmut/Erth      3%         N/A       19%         2
 Frozen Ramparts          Ice            8%         1d2       36%         3
 Portal Projectile        Hex/Tloc       8%         N/A       36%         3
 Swiftness                Air            4%         N/A       36%         3
 Summon Ice Beast         Ice/Summ       13%        N/A       43%         4
 Summon Lightning Spire   Summ/Air       13%        N/A       43%         4
 Hailstorm                Conj/Ice       4%         3d4       77%         4
 Blade Hands              Tmut           2%         N/A       98%         5
 Excruciating Wounds      Necr           2%         N/A       98%         5
 Invisibility             Hex            2%         N/A       100%        6


Dungeon Overview and Level Annotations

Branches:
Dungeon (4/15)
 Temple: D:4-7

Altars:
Hepliaklqana
Okawaru
Qazlal
Yredelemnul

Shops:
D:3 [


Message History

Your iron imp closely misses the hornet zombie.
The hornet zombie hits you!
Your crimson imp hits the hornet zombie but does no damage.
You hit the hornet zombie but do no damage.
The hornet zombie is lightly damaged.
Your iron imp barely misses the hornet zombie.
The hornet zombie closely misses you.
You hit the hornet zombie but do no damage.
The hornet zombie is lightly damaged.
Your crimson imp misses the hornet zombie.
Your crimson imp blinks!
The hornet zombie hits you.
Your iron imp completely misses the hornet zombie.
You swap places.
Your crimson imp barely misses the hornet zombie.
Your crimson imp blinks!
Casting: Call Imp (safe; 2% risk of failure)
Confirm with . or Enter, or press ? or * to list all spells.
A beastly little devil appears in a puff of frigid air.
The hornet zombie closely misses you.
Your crimson imp blinks!
The hornet zombie barely misses you.
You closely miss the hornet zombie.
The hornet zombie is lightly damaged.
Your iron imp barely misses the hornet zombie.
The hornet zombie hits you!
* * * LOW HITPOINT WARNING * * *
You hit the hornet zombie but do no damage.
The hornet zombie is lightly damaged.
Your iron imp disappears in a puff of smoke!
Your white imp hits the hornet zombie but does no damage.
Your crimson imp closely misses the hornet zombie.
The hornet zombie hits you.
* * * LOW HITPOINT WARNING * * *
You hit the hornet zombie but do no damage.
The hornet zombie is lightly damaged.
Your white imp barely misses the hornet zombie.
The hornet zombie hits you.
You die...
Your body rises from the dead as a mindless zombie.

...##....#####
..........##.#
..###......#.##
..............#
..............##
...............#
...............#
...............####
...............5@.#
............#...Z.#
...........##.#ยง5...#
##........#.#...5......#
...........$............
..........#........#....
..........#.............
........................
........................


You could see a hornet zombie (ally target), 2 friendly crimson imps and a
friendly white imp (summoned).

Vanquished Creatures
  An adder (D:2)
  2 endoplasms
  A goblin (D:2)
4 creatures vanquished.

Vanquished Creatures (collateral kills)
  An ogre (D:4)
  A bullfrog (D:4)
  2 hounds (D:4)
  4 adders
  2 worms
  3 dart slugs
  4 endoplasms
  3 giant cockroaches
  4 goblins
  3 hobgoblins
  3 jackals (D:2)
  4 kobolds (D:1)
  2 quokkas
  4 ball pythons
  6 bats
  6 frilled lizards
  5 rats
57 creatures vanquished.

Grand Total: 61 creatures vanquished

Notes
Turn   | Place    | Note
-------+----------+-------------------------------------------
     0 | D:1      | bilbop the Deep Elf Summoner began the quest for the Orb.
     0 | D:1      | Reached XP level 1. HP: 10/10 MP: 6/6
   269 | D:1      | Reached XP level 2. HP: 15/15 MP: 4/8
   643 | D:1      | Reached skill level 1 in Short Blades
   715 | D:1      | Found a faded altar of an unknown god.
  1103 | D:2      | Reached XP level 3. HP: 11/20 MP: 3/9
  1391 | D:2      | Learned a level 2 spell: Call Imp
  1662 | D:2      | Reached skill level 1 in Fighting
  2301 | D:3      | Found Sannid's Armour Boutique.
  2537 | D:3      | Found an iron altar of Okawaru.
  2537 | D:3      | Found a basalt altar of Yredelemnul.
  2544 | D:3      | Became a worshipper of Yredelemnul the Dark
  2742 | D:3      | Found a hazy altar of Hepliaklqana.
  2742 | D:3      | Found a stormy altar of Qazlal.
  2845 | D:4      | Reached XP level 4. HP: 25/25 MP: 11/11
  2970 | D:4      | Noticed a bullfrog
  2980 | D:4      | Killed a bullfrog
  3041 | D:4      | Noticed an ogre
  3050 | D:4      | Killed an ogre
  3051 | D:4      | Reached skill level 1 in Invocations
  3051 | D:4      | Reached XP level 5. HP: 29/29 MP: 4/13
  3201 | D:4      | Slain by a hornet zombie

Illustrated notes

Levels and vault maps discovered:
D:1:      dpeg_arrival_shelter, layout_loops_ring,
          dilly_ecumenical_altar_fadedgnrine, chequers_serial_rivers_small_b,
          nrook_campfire, minmay_surrounded
D:2:      layout_rooms
D:3:      layout_loops_ring, chequers_temple_overflow_statue_of_worship,
          gammafunk_temple_overflow_elements, serial_shops, shop
D:4:      layout_cave_pools, gammafunk_ghost_gnarly_gnolls

Skill      XL: |  1  2  3  4 |
---------------+-------------+-----
Short Blades   | 1 |  1.9
Dodging        | 3 |  3.4
Fighting       | 1 |  1.4
Stealth        | 3 |  3.4
Spellcasting   | 4 |  4.0
Invocations    | 1 |  1.0
Summonings     | |  4.9

Action                   |  1- 3 |  4- 6 || total
-------------------------+-------+-------++-------
Melee: Unarmed           |    11 |       ||    11
       Dagger            |    23 |     6 ||    29
 Cast: Summon Small Mamm |    66 |       ||    66
       Call Imp          |    19 |    14 ||    33
 Stab: Sleeping          |     2 |       ||     2
       Distracted        |     1 |       ||     1
Armor: Robe              |    15 |       ||    15
Dodge: Dodged            |    45 |     3 ||    48

Table legend: (Time is in decaauts)
 A = Elapsed time spent in this place.
 B = Non-inter-level travel time spent in this place.
 C = Inter-level travel time spent in this place.
 D = Time resting spent in this place.
 E = Time spent auto-exploring this place.
 F = Levels seen in this place.
 G = Mean time per level.
                   A        B        C        D        E       F      G
               +--------+--------+--------+--------+--------+-----+--------+
         Total |   3198 |   3069 |    129 |      0 |   2556 |   4 |  799.5 |
       Dungeon |   3198 |   3069 |    129 |      0 |   2556 |   4 |  799.5 |
               +--------+--------+--------+--------+--------+-----+--------+

Top non-repeatable levels by time:
     D:2: 1060 daAuts
     D:1: 1014 daAuts
     D:3: 702 daAuts
     D:4: 420 daAuts
